| TOP OF THE 1ST |
|
Toronto Blue Jays batting - Pitching for Baltimore Orioles : RHP Kyle Heckbert
|
|
Pitching: RHP Kyle Heckbert
|
|
|
Batting: LHB Nick Gordon
|
0-0: Fly out, F6 (Line Drive, 6, EV 70 MPH)
|
|
Batting: RHB Tynan Cotto
|
0-0: Called Strike 0-1: Ball 1-1: Called Strike 1-2: Foul Ball, location: 3DF 1-2: Ball 2-2: Ball 3-2: Base on Balls
|
|
Batting: LHB Dan Prince
|
0-0: Foul Ball, location: 2F 0-1: Ball 1-1: Called Strike Tynan Cotto is caught stealing 2nd base 2-6 1-2: Ball 2-2: Foul Ball, location: 2F 2-2: Strikes out swinging
|
| Top of the 1st over - 0 runs, 0 hits, 0 errors, 0 left on base; Toronto 0 - Baltimore 0 |
| BOTTOM OF THE 1ST |
|
Baltimore Orioles batting - Pitching for Toronto Blue Jays : LHP Vince McSweeney
|
|
Pitching: LHP Vince McSweeney
|
|
|
Batting: RHB Carlos Correa
|
0-0: Called Strike 0-1: Ground out U3 (Groundball, 3S, EV 88 MPH)
|
|
Batting: SHB Greg Henderson
|
0-0: Ball 1-0: Called Strike 1-1: Swinging Strike 1-2: Foul Ball, location: 9LDF 1-2: Ball 2-2: Strikes out looking
|
|
Batting: LHB Jon Wilson
|
0-0: Foul Ball, location: 5SF 0-1: Ball 1-1: Swinging Strike 1-2: Strikes out swinging
|
| Bottom of the 1st over - 0 runs, 0 hits, 0 errors, 0 left on base; Toronto 0 - Baltimore 0 |
| TOP OF THE 2ND |
|
Toronto Blue Jays batting - Pitching for Baltimore Orioles : RHP Kyle Heckbert
|
|
Batting: LHB Rintaro Ikeda
|
0-0: Ball 1-0: Swinging Strike 1-1: Foul Ball, location: 7LMF 1-2: Fly out, F8 (Flyball, 8LM, EV 76 MPH)
|
|
Batting: LHB Alfredo Salinas
|
0-0: Fly out, F7 (Flyball, 78D, EV 98 MPH)
|
|
Batting: RHB Héctor Rodríguez
|
0-0: Ball 1-0: Called Strike 1-1: Fly out, F8 (Flyball, 8RM, EV 76 MPH)
|
| Top of the 2nd over - 0 runs, 0 hits, 0 errors, 0 left on base; Toronto 0 - Baltimore 0 |
| BOTTOM OF THE 2ND |
|
Baltimore Orioles batting - Pitching for Toronto Blue Jays : LHP Vince McSweeney
|
|
Batting: RHB Robinson Pérez
|
0-0: DOUBLE (Line Drive, 8LXD, EV 86 MPH)
|
|
Batting: SHB Ron Lilly
|
0-0: Ball 1-0: Called Strike 1-1: Ball 2-1: Swinging Strike 2-2: Strikes out swinging
|
|
Batting: LHB Lonnie Tyler
|
0-0: Ball 1-0: Swinging Strike 1-1: Called Strike 1-2: Ball 2-2: Foul Ball, location: 2RF 2-2: Ball 3-2: Base on Balls
|
|
Batting: SHB Emmitt Shiplack
|
0-0: Called Strike 0-1: Ball 1-1: Foul Ball, location: 7LMF 1-2: Strikes out swinging
|
|
Batting: LHB Alfredo Ramos
|
0-0: Ball 1-0: Called Strike 1-1: Foul Ball, location: 2F 1-2: Foul Ball, location: 3F 1-2: Ball 2-2: Ball 3-2: Fly out, F6 (Popup, 6M, EV 54 MPH)
|
| Bottom of the 2nd over - 0 runs, 1 hit, 0 errors, 2 left on base; Toronto 0 - Baltimore 0 |
| TOP OF THE 3RD |
|
Toronto Blue Jays batting - Pitching for Baltimore Orioles : RHP Kyle Heckbert
|
|
Batting: LHB Robbie Miller
|
0-0: Ball 1-0: Foul Ball, location: 5SF 1-1: Foul Ball, location: 25F 1-2: Ground out U3 (Groundball, 3L, EV 91 MPH)
|
|
Batting: LHB Nick Ciuffo
|
0-0: Ball 1-0: Called Strike 1-1: Called Strike 1-2: Strikes out swinging
|
|
Batting: RHB Chris Bryan
|
0-0: Called Strike 0-1: Swinging Strike 0-2: Ball 1-2: Strikes out looking
|
| Top of the 3rd over - 0 runs, 0 hits, 0 errors, 0 left on base; Toronto 0 - Baltimore 0 |
| BOTTOM OF THE 3RD |
|
Baltimore Orioles batting - Pitching for Toronto Blue Jays : LHP Vince McSweeney
|
|
Batting: LHB Joaquín Pérez
|
0-0: Ball 1-0: Swinging Strike 1-1: Ball 2-1: Foul Ball, location: 7LSF 2-2: Strikes out swinging
|
|
Batting: RHB Carlos Correa
|
0-0: Called Strike 0-1: Swinging Strike 0-2: Ball 1-2: Strikes out swinging
|
|
Batting: SHB Greg Henderson
|
0-0: Ball 1-0: Called Strike 1-1: Swinging Strike 1-2: Strikes out swinging
|
| Bottom of the 3rd over - 0 runs, 0 hits, 0 errors, 0 left on base; Toronto 0 - Baltimore 0 |
| TOP OF THE 4TH |
|
Toronto Blue Jays batting - Pitching for Baltimore Orioles : RHP Kyle Heckbert
|
|
Batting: LHB Nick Gordon
|
0-0: Ball 1-0: Called Strike 1-1: Swinging Strike 1-2: Foul Ball, location: 23FF 1-2: SINGLE (Line Drive, 89M, EV 103 MPH)
|
|
Batting: RHB Tynan Cotto
|
0-0: Called Strike 0-1: Bunted foul 0-2: Ball 1-2: Ball 2-2: Grounds into double play, 6-4-3 (Groundball, 6M, EV 88 MPH)
|
|
Batting: LHB Dan Prince
|
0-0: Called Strike 0-1: Foul Ball, location: 2F 0-2: Strikes out swinging
|
| Top of the 4th over - 0 runs, 1 hit, 0 errors, 0 left on base; Toronto 0 - Baltimore 0 |
| BOTTOM OF THE 4TH |
|
Baltimore Orioles batting - Pitching for Toronto Blue Jays : LHP Vince McSweeney
|
|
Batting: LHB Jon Wilson
|
0-0: Ball 1-0: Ball 2-0: Ball 3-0: Called Strike 3-1: Hit by Pitch
|
|
Batting: RHB Robinson Pérez
|
0-0: Ball 1-0: Swinging Strike 1-1: Swinging Strike 1-2: Ball 2-2: DOUBLE (Line Drive, 89XD, EV 95 MPH) Jon Wilson to third Runner from 3rd tries for Home, SAFE, no throw by CF
|
|
Batting: SHB Ron Lilly
|
0-0: Ground out 5-3 (Groundball, 56S, EV 79 MPH)
|
|
Batting: LHB Lonnie Tyler
|
0-0: Called Strike 0-1: Ball 1-1: Swinging Strike 1-2: Ball 2-2: Ball 3-2: Base on Balls
|
|
Batting: SHB Emmitt Shiplack
|
0-0: Ball 1-0: Ball 2-0: Swinging Strike 2-1: Swinging Strike 2-2: Strikes out looking
|
|
Batting: LHB Alfredo Ramos
|
0-0: Ball 1-0: Fly out, F6 (Popup, 56D, EV 88 MPH)
|
| Bottom of the 4th over - 1 run, 1 hit, 0 errors, 2 left on base; Toronto 0 - Baltimore 1 |
| TOP OF THE 5TH |
|
Toronto Blue Jays batting - Pitching for Baltimore Orioles : RHP Kyle Heckbert
|
|
Batting: LHB Rintaro Ikeda
|
0-0: Called Strike 0-1: Swinging Strike 0-2: Ball 1-2: Ball 2-2: Ball 3-2: SINGLE (Line Drive, 78M, EV 91 MPH)
|
|
Batting: LHB Alfredo Salinas
|
0-0: Foul Ball, location: 5DF 0-1: Ball 1-1: Swinging Strike 1-2: Foul Ball, location: 7LMF 1-2: Foul Ball, location: 3F 1-2: Ball 2-2: Fly out, F8 (Flyball, 8LD, EV 108 MPH)
|
|
Batting: RHB Héctor Rodríguez
|
0-0: Ball 1-0: Called Strike 1-1: Fly out, F9 (Flyball, 9D, EV 110 MPH)
|
|
Batting: LHB Robbie Miller
|
0-0: Ball 1-0: Foul Ball, location: 9LSF 1-1: Swinging Strike 1-2: Foul Ball, location: 2F 1-2: Ball 2-2: DOUBLE (Line Drive, 78XD, EV 99 MPH) Rintaro Ikeda to third Runner from 3rd tries for Home, SAFE, no throw by CF
|
|
Batting: LHB Nick Ciuffo
|
0-0: Fly out, F8 (Flyball, 78XD, EV 101 MPH)
|
| Top of the 5th over - 1 run, 2 hits, 0 errors, 1 left on base; Toronto 1 - Baltimore 1 |
| BOTTOM OF THE 5TH |
|
Baltimore Orioles batting - Pitching for Toronto Blue Jays : LHP Vince McSweeney
|
|
Batting: LHB Joaquín Pérez
|
0-0: Foul Ball, location: 7LSF 0-1: Called Strike 0-2: Ball 1-2: SOLO HOME RUN (Flyball, 9D, EV 110 MPH), Distance : 393 ft
|
|
Batting: RHB Carlos Correa
|
0-0: Called Strike 0-1: Foul Ball, location: 2F 0-2: Foul Ball, location: 7LMF 0-2: Ball 1-2: Ball 2-2: Ball 3-2: Base on Balls
|
|
Batting: SHB Greg Henderson
|
0-0: Ball 1-0: Called Strike 1-1: SINGLE (Line Drive, 89M, EV 94 MPH) Carlos Correa to second Runner from 2nd tries for 3rd, SAFE, throw by CF made to third Greg Henderson to second
|
|
Batting: LHB Jon Wilson
|
0-0: Called Strike 0-1: Fielders Choice attempt at home, Runner SAFE. 3-2 (Groundball, 23, EV 70 MPH) Greg Henderson to third
|
|
Batting: RHB Robinson Pérez
|
0-0: Swinging Strike 0-1: Swinging Strike 0-2: Ball 1-2: Ball 2-2: Strikes out swinging
|
|
Batting: SHB Ron Lilly
|
0-0: Called Strike 0-1: SINGLE (Groundball, 4D, EV 93 MPH) Greg Henderson scores Jon Wilson to second
|
|
Batting: LHB Lonnie Tyler
|
0-0: Swinging Strike 0-1: Foul Ball, location: 2F 0-2: Ball 1-2: Ball 2-2: Fly out, F6 (Popup, 6D, EV 65 MPH)
|
|
Batting: SHB Emmitt Shiplack
|
0-0: Ground out 5-3 (Groundball, 56S, EV 109 MPH)
|
| Bottom of the 5th over - 3 runs, 3 hits, 0 errors, 2 left on base; Toronto 1 - Baltimore 4 |
| TOP OF THE 6TH |
|
Toronto Blue Jays batting - Pitching for Baltimore Orioles : RHP Kyle Heckbert
|
|
Batting: RHB Chris Bryan
|
0-0: Called Strike 0-1: Foul Ball, location: 2F 0-2: SINGLE (Line Drive, 8LS, EV 90 MPH)
|
|
Batting: LHB Nick Gordon
|
0-0: Called Strike 0-1: Swinging Strike 0-2: Ball Chris Bryan steals 2nd base 1-2: Reached on error, E3 (Groundball, 3S, EV 57 MPH) Chris Bryan to third
|
|
Batting: RHB Tynan Cotto
|
0-0: Called Strike 0-1: Ball 1-1: Foul Ball, location: 3F 1-2: Ball 2-2: Ground out 5-3 (Groundball, 56S, EV 57 MPH) Chris Bryan scores Nick Gordon to second
|
|
Batting: LHB Dan Prince
|
0-0: Foul Ball, location: 2F 0-1: Ball 1-1: Ball Wild Pitch! Nick Gordon to third 2-1: Ball 3-1: Foul Ball, location: 23F 3-2: Foul Ball, location: 2LF 3-2: Foul Ball, location: 5F 3-2: Ground out 3-1 (Groundball, 34S, EV 73 MPH) Nick Gordon scores
|
|
Batting: LHB Rintaro Ikeda
|
0-0: Foul Ball, location: 2F 0-1: Ground out 3-1 (Groundball, 13, EV 87 MPH)
|
| Top of the 6th over - 2 runs, 1 hit, 1 error, 0 left on base; Toronto 3 - Baltimore 4 |
| BOTTOM OF THE 6TH |
|
Baltimore Orioles batting - Pitching for Toronto Blue Jays : LHP Vince McSweeney
|
|
Pitching: RHP Juan Pérez
|
|
|
Batting: LHB Alfredo Ramos
|
0-0: Ball 1-0: Ball 2-0: Ground out 6-3 (Groundball, 6M, EV 60 MPH)
|
|
Batting: LHB Joaquín Pérez
|
0-0: Ball 1-0: Ground out 4-3 (Groundball, 34D, EV 105 MPH)
|
|
Batting: RHB Carlos Correa
|
0-0: Foul Ball, location: 2F 0-1: Called Strike 0-2: Ball 1-2: Fly out, F4 (Popup, 34, EV 54 MPH)
|
| Bottom of the 6th over - 0 runs, 0 hits, 0 errors, 0 left on base; Toronto 3 - Baltimore 4 |
| TOP OF THE 7TH |
|
Toronto Blue Jays batting - Pitching for Baltimore Orioles : RHP Kyle Heckbert
|
|
Batting: LHB Alfredo Salinas
|
0-0: Ball 1-0: Called Strike 1-1: Ball 2-1: Ball 3-1: Base on Balls
|
|
Batting: RHB Héctor Rodríguez
|
0-0: Ball 1-0: Bunted foul 1-1: Foul Ball, location: 5F 1-2: Strikes out swinging
|
|
Batting: LHB Robbie Miller
|
0-0: Ball 1-0: Foul Ball, location: 3FF 1-1: Called Strike 1-2: Strikes out swinging
|
|
Batting: LHB Nick Ciuffo
|
0-0: Ball 1-0: Called Strike 1-1: Ball 2-1: Swinging Strike 2-2: Strikes out looking
|
| Top of the 7th over - 0 runs, 0 hits, 0 errors, 1 left on base; Toronto 3 - Baltimore 4 |
| BOTTOM OF THE 7TH |
|
Baltimore Orioles batting - Pitching for Toronto Blue Jays : RHP Juan Pérez
|
|
Pitching: LHP Albert García
|
|
|
Batting: SHB Greg Henderson
|
0-0: Ball 1-0: Fly out, F5 (Popup, 5SF, EV 49 MPH)
|
|
Batting: LHB Jon Wilson
|
0-0: Called Strike 0-1: Foul Ball, location: 5F 0-2: Ball 1-2: Strikes out looking
|
|
Batting: RHB Robinson Pérez
|
0-0: Ball 1-0: Ball 2-0: Swinging Strike 2-1: Ball 3-1: Ground out 5-3 (Groundball, 5, EV 55 MPH)
|
| Bottom of the 7th over - 0 runs, 0 hits, 0 errors, 0 left on base; Toronto 3 - Baltimore 4 |
| TOP OF THE 8TH |
|
Toronto Blue Jays batting - Pitching for Baltimore Orioles : RHP Kyle Heckbert
|
|
Pitching: RHP Alfredo Flores
|
|
|
Batting: RHB Chris Bryan
|
0-0: Called Strike 0-1: Ball 1-1: Swinging Strike 1-2: Ball 2-2: Fly out, F3 (Line Drive, 3L, EV 94 MPH)
|
|
Batting: LHB Nick Gordon
|
0-0: Ball 1-0: Ball 2-0: Ball 3-0: Called Strike 3-1: Ground out 3-1 (Groundball, 34S, EV 81 MPH)
|
|
Batting: RHB Tynan Cotto
|
0-0: Ball 1-0: Swinging Strike 1-1: Swinging Strike 1-2: Strikes out looking
|
| Top of the 8th over - 0 runs, 0 hits, 0 errors, 0 left on base; Toronto 3 - Baltimore 4 |
| BOTTOM OF THE 8TH |
|
Baltimore Orioles batting - Pitching for Toronto Blue Jays : LHP Albert García
|
|
Pitching: RHP Wes Poe
|
|
|
Batting: SHB Ron Lilly
|
0-0: Called Strike 0-1: Foul Ball, location: 2F 0-2: Ball 1-2: Strikes out looking
|
|
Batting: LHB Lonnie Tyler
|
0-0: Ball 1-0: Called Strike 1-1: Ball 2-1: Foul Ball, location: 9LMF 2-2: Strikes out swinging
|
|
Batting: SHB Emmitt Shiplack
|
0-0: Ball 1-0: Ball 2-0: Called Strike 2-1: Called Strike 2-2: Strikes out swinging
|
| Bottom of the 8th over - 0 runs, 0 hits, 0 errors, 0 left on base; Toronto 3 - Baltimore 4 |
| TOP OF THE 9TH |
|
Toronto Blue Jays batting - Pitching for Baltimore Orioles : RHP Alfredo Flores
|
|
Pitching: RHP Jung-ho Chang
|
|
|
Now in LF: Joaquín Pérez
|
|
|
Now in RF: Nomar Mazara
|
|
|
Batting: LHB Dan Prince
|
0-0: Ball 1-0: Hit by Pitch
|
|
Batting: LHB Rintaro Ikeda
|
0-0: Ball 1-0: Foul Ball, location: 5FF 1-1: Swinging Strike 1-2: SINGLE (Line Drive, 89S, EV 95 MPH) Dan Prince to second
|
|
Batting: LHB Alfredo Salinas
|
0-0: Foul Ball, location: 25F 0-1: Called Strike 0-2: Ball 1-2: 3-RUN HOME RUN (Flyball, 89XD, EV 112 MPH), Distance : 382 ft
|
|
Batting: RHB Héctor Rodríguez
|
0-0: Ball 1-0: Foul Ball, location: 2F 1-1: Foul Ball, location: 2F 1-2: Strikes out swinging
|
|
Batting: LHB Robbie Miller
|
0-0: Ball 1-0: Called Strike 1-1: Called Strike 1-2: Fly out, F7 (Flyball, 7, EV 93 MPH)
|
|
Batting: LHB Nick Ciuffo
|
0-0: Ball 1-0: Ball 2-0: Ball 3-0: Called Strike 3-1: Ground out 4-3 (Groundball, 4MS, EV 107 MPH)
|
| Top of the 9th over - 3 runs, 2 hits, 0 errors, 0 left on base; Toronto 6 - Baltimore 4 |
| BOTTOM OF THE 9TH |
|
Baltimore Orioles batting - Pitching for Toronto Blue Jays : RHP Wes Poe
|
|
Pitching: RHP Henry Hirsch
|
|
|
Batting: LHB Alfredo Ramos
|
0-0: Called Strike 0-1: Ball 1-1: Ball 2-1: Swinging Strike 2-2: Foul Ball, location: 2F 2-2: Ball 3-2: Base on Balls
|
|
Batting: LHB Joaquín Pérez
|
0-0: SINGLE (Line Drive, 8LS, EV 100 MPH) Alfredo Ramos to second
|
|
Batting: RHB Carlos Correa
|
0-0: Bunt - Flyout to 15S! F1
|
|
Batting: SHB Greg Henderson
|
0-0: Ball 1-0: Ball 2-0: Called Strike 2-1: Swinging Strike 2-2: Ground out 6-3 (Groundball, 6M, EV 94 MPH) Alfredo Ramos to third Joaquín Pérez to second
|
|
Batting: LHB Nomar Mazara
|
0-0: Called Strike 0-1: DOUBLE (Flyball, 7LD, EV 110 MPH) Alfredo Ramos scores Joaquín Pérez scores
|
|
Pinch Hitting: LHB Wilbert Austin
|
0-0: Intentional Walk
|
|
Batting: SHB Ron Lilly
|
0-0: Ball 1-0: Ball 2-0: Swinging Strike 2-1: Foul Ball, location: 2F 2-2: Ball 3-2: Base on Balls Nomar Mazara to third Wilbert Austin to second
|
|
Batting: LHB Lonnie Tyler
|
0-0: Fly out, F8 (Line Drive, 8RD, EV 92 MPH)
|
| Bottom of the 9th over - 2 runs, 2 hits, 0 errors, 3 left on base; Toronto 6 - Baltimore 6 |
| TOP OF THE 10TH |
|
Toronto Blue Jays batting - Pitching for Baltimore Orioles : RHP Jung-ho Chang
|
|
Nick Ciuffo starts the inning at 2nd base.
|
|
|
Pitching: RHP Randy Marte
|
|
|
Now at C: Jeans Flores
|
|
|
Batting: RHB Chris Bryan
|
0-0: Sac Bunt to 15S - play at first, batter OUT! 1-3 Nick Ciuffo to third
|
|
Batting: LHB Nick Gordon
|
0-0: SINGLE (Groundball, 2R, EV 57 MPH) (infield hit)
|
|
Batting: RHB Tynan Cotto
|
0-0: Fly out, F8 (Flyball, 78M, EV 78 MPH)
|
|
Batting: LHB Dan Prince
|
0-0: SINGLE (Line Drive, 7S, EV 96 MPH) Nick Ciuffo scores Nick Gordon to second
|
|
Batting: LHB Rintaro Ikeda
|
0-0: Ball 1-0: SINGLE (Groundball, 4S, EV 67 MPH) (infield hit) Nick Gordon to third Dan Prince to second
|
|
Batting: LHB Alfredo Salinas
|
0-0: Ball 1-0: Called Strike 1-1: Ball Wild Pitch! Nick Gordon scores Dan Prince to third Rintaro Ikeda to second 2-1: SINGLE (Line Drive, 7S, EV 90 MPH) Dan Prince scores Rintaro Ikeda to third
|
|
Batting: RHB Héctor Rodríguez
|
0-0: Ball 1-0: Called Strike 1-1: Foul Ball, location: 7LDF 1-2: Fly out, F9 (Line Drive, 9, EV 89 MPH)
|
| Top of the 10th over - 3 runs, 4 hits, 0 errors, 2 left on base; Toronto 9 - Baltimore 6 |
| BOTTOM OF THE 10TH |
|
Baltimore Orioles batting - Pitching for Toronto Blue Jays : RHP Henry Hirsch
|
|
Lonnie Tyler starts the inning at 2nd base.
|
|
|
Pitching: RHP Jesús Ortíz
|
|
|
Batting: SHB Emmitt Shiplack
|
0-0: Called Strike 0-1: Called Strike 0-2: Strikes out looking
|
|
Batting: LHB Alfredo Ramos
|
0-0: Called Strike 0-1: Ball 1-1: Called Strike 1-2: Ball 2-2: Strikes out looking
|
|
Batting: LHB Joaquín Pérez
|
0-0: Called Strike 0-1: Foul Ball, location: 25F 0-2: Ball 1-2: Ball 2-2: Ground out U3 (Groundball, 34, EV 89 MPH)
|
| Bottom of the 10th over - 0 runs, 0 hits, 0 errors, 1 left on base; Toronto 9 - Baltimore 6 |
|